[Event "Titled Tuesday Blitz June 27 Early 2023"]
[White "Liu, Kelsey"]
[Black "Melian, Juan Sebastian"]
[WhiteFideId "30944481"]
[BlackFideId "3706575"]
[WhiteElo "2277"]
[BlackElo "2511"]
[Result "1-0"]
[Round "2"]
[TimeControl "180+2"]
[Date "2023.06.27"]
[WhiteClock "0:01:10"]
[BlackClock "0:00:06"]
[Board "190"]

1. e4 c6 2. d4 g6 3. c4 Bg7 4. Nc3 d6 5. Be3 Nf6 6. Bd3 O-O 7. Nge2 e5 8. d5 Ng4 9. Bd2 f5 10. h3 Nxf2 11. Kxf2 fxe4+ 12. Kg1 exd3 13. Ng3 Qh4 14. Nce4 h6 15. Kh2 Bf5 16. Nxf5 gxf5 17. Nxd6 Qe7 18. Bb4 Na6 19. Ba3 c5 20. Nb5 e4 21. Rf1 f4 22. Qd2 Be5 23. Rae1 Qg5 24. Kh1 Qg3 25. Rxe4 f3 26. Rg4+ Qxg4 27. hxg4 fxg2+ 28. Kxg2 Rxf1 29. Kxf1 Rf8+ 30. Kg2 Bf4 31. Qxd3 Kg7 32. d6 1-0


[Site "https://www.chess.com"]

[Event "Titled Tuesday Blitz June 27 Early 2023"]
[White "Droin, Augustin"]
[Black "Zaichenko, Daria"]
[WhiteFideId "45105987"]
[BlackFideId "4197453"]
[WhiteElo "2511"]
[BlackElo "2266"]
[Result "1-0"]
[Round "2"]
[TimeControl "180+2"]
[Date "2023.06.27"]
[WhiteClock "0:01:30"]
[BlackClock "0:00:00"]
[Board "191"]

1. e4 c5 2. Nf3 Nc6 3. Bb5 g6 4. O-O Bg7 5. d3 Nf6 6. Nc3 e6 7. e5 Nd5 8. Bg5 Nce7 9. Ne4 h6 10. Nd6+ Kf8 11. Bh4 g5 12. Bg3 Qb6 13. a4 Ng6 14. Re1 a6 15. a5 Qd8 16. Bc4 h5 17. Bxd5 h4 18. Bxb7 Bxb7 19. Nxb7 Qe7 20. d4 cxd4 21. Qxd4 hxg3 22. hxg3 Rc8 23. c3 Rc6 24. Rad1 Rc7 25. Nd6 f6 26. exf6 Bxf6 27. Qg4 Rc5 28. Ne4 Rf5 29. Nxf6 Qxf6 30. Rxd7 Ke8 31. Rd6 Ke7 32. Rexe6+ Qxe6 33. Rxe6+ Kxe6 34. Nd4+ Ke5 35. Qxf5+ 1-0


[Site "https://www.chess.com"]

[Event "Titled Tuesday Blitz June 27 Early 2023"]
[White "Matyukov, Petr"]
[Black "Sarkar, Justin"]
[WhiteFideId "4103688"]
[BlackFideId "2010011"]
[WhiteElo "2510"]
[BlackElo "2261"]
[Result "1-0"]
[Round "2"]
[TimeControl "180+2"]
[Date "2023.06.27"]
[WhiteClock "0:00:08"]
[BlackClock "0:00:00"]
[Board "192"]

1. d4 Nf6 2. c4 e6 3. Nc3 d5 4. cxd5 Nxd5 5. e4 Nxc3 6. bxc3 c5 7. Rb1 Be7 8. Nf3 O-O 9. Be2 b6 10. O-O Bb7 11. Qc2 Nc6 12. Rd1 cxd4 13. Nxd4 Qc7 14. Be3 Nxd4 15. Bxd4 e5 16. Be3 Rfd8 17. c4 Bc5 18. Bg5 f6 19. Bh4 Rxd1+ 20. Rxd1 Rd8 21. Bg4 Rxd1+ 22. Qxd1 Bxe4 23. Be6+ Kf8 24. Qg4 Qd6 25. h3 Bc6 26. Bf5 Qd4 27. Qh5 g6 28. Qh6+ Ke8 29. Be6 Qf4 30. Qxh7 1-0


[Site "https://www.chess.com"]

[Event "Titled Tuesday Blitz June 27 Early 2023"]
[White "Bolanos, Fernando"]
[Black "tetrix83"]
[WhiteFideId "3304094"]
[WhiteElo "2260"]
[BlackElo "2510"]
[Result "0-1"]
[Round "2"]
[TimeControl "180+2"]
[Date "2023.06.27"]
[WhiteClock "0:00:05"]
[BlackClock "0:00:18"]
[Board "193"]

1. e4 c5 2. Nf3 e6 3. d4 cxd4 4. Nxd4 Nc6 5. Nc3 Qc7 6. Be2 a6 7. O-O Nf6 8. Be3 Be7 9. f4 d6 10. Qd2 O-O 11. Rad1 Re8 12. f5 Ne5 13. fxe6 fxe6 14. Nf3 Nfg4 15. Bd4 Bf6 16. h3 Nxf3+ 17. gxf3 Bxd4+ 18. Qxd4 Nf6 19. Qxd6 Qf7 20. Kh2 b5 21. a4 b4 22. Qxb4 Nh5 23. e5 Nf4 24. Rd4 Ng6 25. f4 Bb7 26. Bc4 Rab8 27. f5 Nxe5 28. fxe6 Nf3+ 29. Kh1 Nxd4+ 30. Kg1 Qg6+ 31. Kf2 Qg2+ 32. Ke1 Nxc2+ 33. Kd1 Nxb4 0-1


[Site "https://www.chess.com"]

[Event "Titled Tuesday Blitz June 27 Early 2023"]
[White "Gogolev, Artem"]
[Black "Kyaw Lay Htaik"]
[WhiteFideId "4116615"]
[BlackFideId "13002007"]
[WhiteElo "2507"]
[BlackElo "2259"]
[Result "1-0"]
[Round "2"]
[TimeControl "180+2"]
[Date "2023.06.27"]
[WhiteClock "0:01:00"]
[BlackClock "0:00:39"]
[Board "194"]

1. d4 Nf6 2. c4 e6 3. g3 Bb4+ 4. Nd2 O-O 5. Bg2 d5 6. Qc2 Nbd7 7. Nf3 c5 8. a3 Bxd2+ 9. Bxd2 cxd4 10. cxd5 e5 11. O-O Nb6 12. e3 dxe3 13. Bxe3 Nbxd5 14. Bc5 Re8 15. Rad1 Be6 16. b4 Qc7 17. Ng5 b6 18. Bxd5 h6 19. Nxe6 fxe6 20. Bxa8 Rxa8 21. Rc1 bxc5 22. Qxc5 Qxc5 23. Rxc5 Nd5 24. Re1 Rd8 25. Rxe5 Kf7 26. Ra5 Rd7 27. Ra6 Nb6 28. Rea5 Rd1+ 29. Kg2 Nc8 30. Rc5 Nd6 31. Rxa7+ Kf6 32. Rd7 Rd2 33. Rc6 1-0


[Site "https://www.chess.com"]

[Event "Titled Tuesday Blitz June 27 Early 2023"]
[White "Principe, Gerson"]
[Black "De Souza, Cristiano Gomes"]
[WhiteFideId "3804550"]
[BlackFideId "2151758"]
[WhiteElo "2506"]
[BlackElo "2258"]
[Result "1-0"]
[Round "2"]
[TimeControl "180+2"]
[Date "2023.06.27"]
[WhiteClock "0:00:59"]
[BlackClock "0:01:16"]
[Board "195"]

1. Nf3 Nf6 2. b3 g6 3. Bb2 Bg7 4. e3 d6 5. d4 O-O 6. Be2 Nbd7 7. O-O c5 8. dxc5 Nxc5 9. c4 h6 10. Nc3 Be6 11. Nd4 a6 12. Nxe6 fxe6 13. b4 Nce4 14. Nxe4 Nxe4 15. Bxg7 Kxg7 16. Qd4+ Nf6 17. Rac1 Rc8 18. Rfd1 Qc7 19. h4 e5 20. Qb2 Rfd8 21. Bd3 e6 22. Bb1 Qf7 23. Qe2 Rc7 24. a3 Rcd7 25. Qb2 Qe7 26. g3 Rc8 27. Qd2 Rcd8 28. Qc2 d5 29. Qxg6+ Kf8 30. Qxh6+ Qg7 31. Qxg7+ Kxg7 32. c5 d4 33. e4 Ne8 34. Bd3 Nc7 35. a4 Kf6 36. Rc2 Rg7 37. Rb1 Rh8 38. Kf1 Ke7 39. b5 axb5 40. axb5 Rf8 41. Kg2 Rgf7 42. Rbb2 Rf3 43. Rd2 Kd8 44. Ra2 Kd7 45. b6 Na6 46. Bb5+ Ke7 47. Bxa6 bxa6 48. Rxa6 Kd7 49. Ra7+ Kc6 50. Rc7+ Kb5 51. b7 Kc4 52. Rc8 1-0


[Site "https://www.chess.com"]

[Event "Titled Tuesday Blitz June 27 Early 2023"]
[White "Bagwe Gaurang"]
[Black "Zampronha, Wladimir Camilo"]
[WhiteFideId "45039895"]
[BlackFideId "2103087"]
[WhiteElo "2505"]
[BlackElo "2257"]
[Result "1-0"]
[Round "2"]
[TimeControl "180+2"]
[Date "2023.06.27"]
[WhiteClock "0:01:58"]
[BlackClock "0:00:05"]
[Board "196"]

1. c4 Nf6 2. a3 e6 3. d3 d5 4. cxd5 exd5 5. Nf3 c5 6. g3 Nc6 7. Bg2 d4 8. O-O Be7 9. e4 dxe3 10. Bxe3 O-O 11. Nc3 Bf5 12. d4 Ng4 13. d5 Nxe3 14. fxe3 Nb8 15. e4 Bg4 16. e5 Nd7 17. Re1 c4 18. Kh1 Nc5 19. h3 Bxf3 20. Qxf3 Nd3 21. Re2 Bc5 22. Rf1 Bd4 23. Ne4 Bxe5 24. Ng5 Bf6 25. Ne4 Bxb2 26. Qh5 g6 27. Qf3 Bg7 28. d6 Qd7 29. Nf6+ Bxf6 30. Qxf6 Rae8 31. Re7 Qb5 32. d7 Rxe7 33. Qxe7 Qb6 34. Rxf7 Rxf7 35. d8=Q+ Qxd8 36. Qxd8+ Kg7 37. Qd4+ Kf8 38. Qxc4 Ne5 39. Qc8+ Kg7 40. Qc3 Kf6 41. Qd4 Re7 42. Qxa7 1-0


[Site "https://www.chess.com"]

[Event "Titled Tuesday Blitz June 27 Early 2023"]
[White "Feinig, Mario"]
[Black "Eynullayev, Altay"]
[WhiteFideId "1618113"]
[BlackFideId "13413562"]
[WhiteElo "2254"]
[BlackElo "2504"]
[Result "1-0"]
[Round "2"]
[TimeControl "180+2"]
[Date "2023.06.27"]
[WhiteClock "0:00:04"]
[BlackClock "0:00:04"]
[Board "197"]

1. c4 Nf6 2. Nc3 e5 3. g3 d5 4. cxd5 Nxd5 5. Bg2 Nb6 6. Nf3 Be7 7. Nxe5 O-O 8. O-O c6 9. d4 N8d7 10. Nxd7 Bxd7 11. d5 cxd5 12. Nxd5 Nxd5 13. Qxd5 Bc6 14. Qxd8 Rfxd8 15. Bxc6 bxc6 16. Be3 Bf6 17. Rab1 a5 18. Rfc1 Ra6 19. Rc2 Rb8 20. b3 a4 21. Rbc1 axb3 22. axb3 Rxb3 23. Rxc6 Rxc6 24. Rxc6 h6 25. Bxh6 Bd4 26. Bf4 Rb2 27. e3 Bf6 28. h4 Kh7 29. Kg2 Kg6 30. Bg5 Kf5 31. Bxf6 gxf6 32. Rc5+ Kg6 33. Kf3 Ra2 34. Rc4 Rb2 35. Rf4 Ra2 36. Kg4 Ra5 37. e4 Re5 38. h5+ Kg7 39. f3 Rg5+ 40. Kh4 Ra5 41. Rf5 Ra1 42. Kg4 Rh1 43. Kf4 Rh3 44. g4 Rh1 45. Rb5 Ra1 46. Kf5 Ra3 47. f4 Rh3 48. Rb6 Rc3 49. Rxf6 Rf3 50. e5 Rc3 51. h6+ Kg8 52. h7+ Kg7 53. h8=Q+ Kxh8 54. Rxf7 1-0


[Site "https://www.chess.com"]

[Event "Titled Tuesday Blitz June 27 Early 2023"]
[White "Cesar Maestre, Bernardo"]
[Black "Fudalej, Michal"]
[WhiteFideId "24542547"]
[BlackFideId "1118781"]
[WhiteElo "2504"]
[BlackElo "2249"]
[Result "1-0"]
[Round "2"]
[TimeControl "180+2"]
[Date "2023.06.27"]
[WhiteClock "0:00:09"]
[BlackClock "0:00:01"]
[Board "198"]

1. c4 e5 2. g3 Nc6 3. Bg2 g6 4. Nc3 Bg7 5. e3 d6 6. Nge2 Be6 7. b3 f5 8. d4 Bf7 9. O-O Nf6 10. Bb2 O-O 11. dxe5 dxe5 12. Rc1 Qe7 13. Qc2 Rad8 14. Rfd1 Rfe8 15. Nd5 Nxd5 16. cxd5 Nb4 17. Qxc7 Nxd5 18. Qa5 b6 19. Qa4 Rd7 20. e4 fxe4 21. Bxe4 Red8 22. Ba3 Qf6 23. Rc6 Nc3 24. Rxd7 Nxa4 25. Rxf6 Rxd7 26. Rxf7 Kxf7 27. bxa4 Rd2 28. Kf1 Rd1+ 29. Kg2 Rd2 30. Kf3 Ke6 31. Nc3 Bh6 32. Bb4 Rb2 33. Ba3 Rd2 34. Bc1 Rc2 35. Bxc2 Bxc1 36. Bb3+ Kf6 37. Ne4+ Kf5 38. g4# 1-0


[Site "https://www.chess.com"]

[Event "Titled Tuesday Blitz June 27 Early 2023"]
[White "EdmundPlayer"]
[Black "Pham, Le Thao Nguyen"]
[BlackFideId "12401226"]
[WhiteElo "2249"]
[BlackElo "2500"]
[Result "0-1"]
[Round "2"]
[TimeControl "180+2"]
[Date "2023.06.27"]
[WhiteClock "0:01:13"]
[BlackClock "0:00:58"]
[Board "199"]

1. e4 c5 2. Nf3 e6 3. d4 cxd4 4. Nxd4 a6 5. h3 Qc7 6. Bd3 b6 7. c4 Bb7 8. Nc3 Bb4 9. Bd2 Nf6 10. Qe2 Nc6 11. Nc2 Be7 12. O-O Ne5 13. f4 Nxd3 14. Qxd3 d6 15. Rae1 Nd7 16. Nd4 Rc8 17. b3 O-O 18. Kh1 Rfd8 19. Qg3 Bf6 20. Nce2 Bxe4 21. f5 e5 22. Nc2 Bxc2 0-1


[Site "https://www.chess.com"]

[Event "Titled Tuesday Blitz June 27 Early 2023"]
[White "Mattheii"]
[Black "Tuleyeva-Aketayeva, Dana"]
[BlackFideId "13701932"]
[WhiteElo "2499"]
[BlackElo "2244"]
[Result "1-0"]
[Round "2"]
[TimeControl "180+2"]
[Date "2023.06.27"]
[WhiteClock "0:00:15"]
[BlackClock "0:00:01"]
[Board "200"]

1. d4 Nf6 2. c4 e6 3. Nc3 Bb4 4. Qc2 d5 5. Bg5 h6 6. Bxf6 Qxf6 7. Nf3 O-O 8. e3 c5 9. dxc5 Bxc3+ 10. Qxc3 Qxc3+ 11. bxc3 Na6 12. cxd5 exd5 13. Rd1 Be6 14. c6 Nc5 15. cxb7 Nxb7 16. Be2 Rac8 17. Ba6 Rc7 18. O-O Nc5 19. Bd3 Na4 20. Nd4 Rxc3 21. Nb5 Rc5 22. Rc1 Rfc8 23. Rxc5 Rxc5 24. f3 Nc3 25. Nd4 Nxa2 26. Kf2 Nb4 27. Be2 a5 28. Ra1 g6 29. Kf1 Bd7 30. Nb3 Rc3 31. Nxa5 Rxe3 32. Nb7 Nc2 33. Rc1 Nd4 34. Ba6 Bb5+ 35. Bxb5 Nxb5 36. Nc5 d4 37. Kf2 Nc3 38. Nb3 Re2+ 39. Kg3 Nb5 40. Rc8+ Kg7 41. Rb8 d3 42. Rxb5 Rb2 43. Nd4 Rxb5 44. Nxb5 Kf6 45. Kf4 g5+ 46. Ke3 d2 47. Kxd2 Ke5 48. Ke3 f5 49. g3 f4+ 50. gxf4+ gxf4+ 51. Kd3 Kd5 52. Nc3+ Ke5 53. Ne2 Kf5 54. Kd4 Kg5 55. Ke5 Kh4 56. Nxf4 Kg5 57. Ng2 h5 58. h4+ Kg6 59. Ke6 Kg7 60. Kf5 Kh6 61. Kf6 Kh7 62. Kg5 Kg7 63. Kxh5 Kh7 64. Kg5 Kg7 65. h5 Kh7 66. f4 Kg7 67. f5 Kh7 68. Nf4 Kg7 69. h6+ Kh7 70. Kh5 Kg8 71. Kg6 Kh8 72. f6 Kg8 73. h7+ Kh8 74. Kf7 Kxh7 75. Ke7 Kh8 76. f7 Kh7 77. Nd3 Kg6 78. f8=Q Kh7 79. Qf5+ Kh8 80. Qg5 Kh7 81. Kf7 1-0


[Site "https://www.chess.com"]

[Event "Titled Tuesday Blitz June 27 Early 2023"]
[White "Abrosimov, Vladimir"]
[Black "Vovk, Orest"]
[WhiteFideId "4166892"]
[BlackFideId "14113490"]
[WhiteElo "2244"]
[BlackElo "2499"]
[Result "0-1"]
[Round "2"]
[TimeControl "180+2"]
[Date "2023.06.27"]
[WhiteClock "0:01:56"]
[BlackClock "0:01:53"]
[Board "201"]

1. c4 g5 2. Nc3 h6 3. d4 Bg7 4. e4 c5 5. d5 Bxc3+ 6. bxc3 d6 7. Nf3 Qa5 8. Qc2 Nd7 9. Bd3 g4 10. Nd2 Ne5 11. Nb3 Qa4 12. Qe2 Nf6 13. O-O Rg8 14. Bxh6 Nf3+ 15. Kh1 Rh8 16. Bf4 Nh5 17. gxf3 Nxf4 18. Qe3 Nxd3 19. Qxd3 Rh3 20. Rg1 Rxf3 21. Qd2 Qxc4 22. Rae1 Bd7 23. Qh6 Qxc3 24. Qh8+ Qxh8 0-1


[Site "https://www.chess.com"]

[Event "Titled Tuesday Blitz June 27 Early 2023"]
[White "Molenda, Marcin"]
[Black "Marchesich, Giovanni"]
[WhiteFideId "1173065"]
[BlackFideId "2824790"]
[WhiteElo "2498"]
[BlackElo "2239"]
[Result "0-1"]
[Round "2"]
[TimeControl "180+2"]
[Date "2023.06.27"]
[WhiteClock "0:00:02"]
[BlackClock "0:00:05"]
[Board "202"]

1. Nf3 Nf6 2. c4 c5 3. Nc3 Nc6 4. d4 cxd4 5. Nxd4 e6 6. g3 Qb6 7. Ndb5 Bc5 8. e3 a6 9. Na4 Qa5+ 10. Bd2 Bb4 11. Nd6+ Ke7 12. Nxc8+ Raxc8 13. Nc3 Ne5 14. a3 Bxc3 15. Bxc3 Qc7 16. c5 Ne4 17. Rc1 Nxc3 18. Rxc3 Qc6 19. f3 Nxf3+ 20. Kf2 Ne5 21. Bg2 Qc7 22. Qd4 d6 23. Rhc1 d5 24. b4 f5 25. Kg1 Kf7 26. h3 Nc6 27. Qh4 Qe7 28. Qh5+ g6 29. Qh6 Qf6 30. g4 Qg7 31. Qh4 Qf6 32. Qf2 Kg7 33. gxf5 Qxf5 34. Qg3 Rhf8 35. e4 dxe4 36. Re3 Qf4 37. Qxf4 Rxf4 38. Rd1 Rd8 39. Rxd8 Nxd8 40. Rxe4 Rxe4 41. Bxe4 Nc6 42. Bxc6 bxc6 43. a4 Kf6 44. Kf2 Ke5 45. Ke3 Kd5 46. Kf4 h6 47. h4 e5+ 48. Ke3 g5 49. hxg5 hxg5 50. Kf3 e4+ 51. Ke3 g4 52. Kf4 Kd4 53. Kxg4 e3 54. Kf3 Kd3 55. b5 e2 56. bxc6 e1=Q 57. c7 Qf1+ 58. Kg4 Qf8 0-1


[Site "https://www.chess.com"]

[Event "Titled Tuesday Blitz June 27 Early 2023"]
[White "Mishra, Manoj"]
[Black "Han, Yichen"]
[WhiteFideId "5006007"]
[BlackFideId "1054430"]
[WhiteElo "2232"]
[BlackElo "2498"]
[Result "0-1"]
[Round "2"]
[TimeControl "180+2"]
[Date "2023.06.27"]
[WhiteClock "0:00:00"]
[BlackClock "0:00:07"]
[Board "203"]

1. d4 d5 2. Bf4 h5 3. Nf3 Nf6 4. e3 c5 5. c3 Nc6 6. Bd3 Bg4 7. Nbd2 e6 8. h3 Bxf3 9. Nxf3 Bd6 10. Ne5 Bxe5 11. dxe5 Nd7 12. Bb5 Qb6 13. Bxc6 Qxc6 14. c4 dxc4 15. O-O O-O-O 16. b3 g5 17. Bh2 g4 18. h4 Nxe5 19. Bxe5 Rxd1 20. Rfxd1 Rd8 21. bxc4 Rxd1+ 22. Rxd1 Qa4 23. Rd2 Qxc4 24. Kh2 Qc1 25. Rd3 c4 26. Rc3 Qf1 27. a4 a6 28. a5 Kd7 29. e4 Kc6 30. Bf4 Kb5 31. Rc2 Qb1 32. Rc1 Qxe4 33. Bd2 Qd4 34. Be3 Qe5+ 35. g3 Qb2 36. Rd1 c3 37. Rd7 Kc6 38. Rxf7 c2 39. Re7 c1=Q 40. Bxc1 Qxc1 41. Rxe6+ Kd7 42. Rb6 Qc7 43. Rh6 Qxa5 44. Rh7+ Kc8 45. Rh8+ Kc7 46. Rh7+ Kb8 47. Rh8+ Ka7 48. Kg2 Qd5+ 49. Kh2 a5 50. Rh6 a4 0-1


[Site "https://www.chess.com"]

[Event "Titled Tuesday Blitz June 27 Early 2023"]
[White "Andreassen, Lars"]
[Black "Shuvalov, Evgenij"]
[WhiteFideId "1504878"]
[BlackFideId "4187237"]
[WhiteElo "2226"]
[BlackElo "2497"]
[Result "1/2-1/2"]
[Round "2"]
[TimeControl "180+2"]
[Date "2023.06.27"]
[WhiteClock "0:00:08"]
[BlackClock "0:00:20"]
[Board "204"]

1. d4 Nf6 2. Nf3 c5 3. e3 d5 4. c4 Nc6 5. cxd5 Nxd5 6. e4 Nf6 7. d5 Nb8 8. Nc3 Bg4 9. Bb5+ Nfd7 10. Bf4 a6 11. Be2 Bxf3 12. Bxf3 e5 13. dxe6 fxe6 14. Qb3 Qb6 15. Bg4 Qxb3 16. axb3 Kf7 17. O-O Nc6 18. Rfd1 Nde5 19. Bh3 Be7 20. Bxe5 Nxe5 21. f4 Ng6 22. g3 Rhd8 23. e5 Rxd1+ 24. Rxd1 Rd8 25. Rxd8 Bxd8 26. Kf2 Nf8 27. Ke3 Nd7 28. Bg2 b5 29. Bb7 b4 30. Ne4 a5 31. Bc6 Nb6 32. Nxc5 Be7 33. Nb7 g5 34. Nxa5 Bc5+ 35. Kf3 gxf4 36. gxf4 Bd4 37. Nc4 Nxc4 38. bxc4 Bxb2 39. Be4 h6 40. c5 Bd4 41. c6 Bb6 42. Ke2 Ke7 43. Kd3 Bg1 44. h3 Bh2 45. Ke3 b3 46. Kf3 b2 47. Kg4 Bg1 48. Kh5 Bh2 49. Kxh6 Bxf4+ 50. Kg6 Bxe5 51. h4 Kf8 52. h5 Kg8 53. Kg5 Kh8 54. Kg6 Bc7 55. Kf7 Bg3 56. Kxe6 Bf4 57. Kf5 Bg3 58. Ke6 Bh2 59. Kd7 Bg3 60. c7 Bxc7 61. Kxc7 b1=Q 62. Bxb1 Kg7 63. Bg6 Kh8 64. Kd6 Kg7 65. Ke6 Kh8 66. Kf5 Kg7 67. Kg5 Kh8 68. h6 Kg8 69. Kf6 Kh8 70. h7 1/2-1/2


[Site "https://www.chess.com"]

[Event "Titled Tuesday Blitz June 27 Early 2023"]
[White "Vila Dupla, Aurelio"]
[Black "Czerw, Dawid"]
[WhiteFideId "2203383"]
[BlackFideId "1145746"]
[WhiteElo "2220"]
[BlackElo "2492"]
[Result "0-1"]
[Round "2"]
[TimeControl "180+2"]
[Date "2023.06.27"]
[WhiteClock "0:00:00"]
[BlackClock "0:00:11"]
[Board "206"]

1. Nf3 Nf6 2. d4 d5 3. c4 c6 4. cxd5 cxd5 5. Nc3 Nc6 6. Bf4 a6 7. e3 Bg4 8. Be2 e6 9. O-O Bxf3 10. Bxf3 Bd6 11. Bxd6 Qxd6 12. Qd2 O-O 13. Rfc1 Rfc8 14. Na4 Nd7 15. Nc5 b6 16. Nxd7 Qxd7 17. Rc2 Na5 18. Rac1 Nc4 19. Qc3 Nd6 20. Qd3 Rxc2 21. Rxc2 Rc8 22. h3 Rxc2 23. Qxc2 Qc8 24. Qxc8+ Nxc8 25. Be2 a5 26. f4 Kf8 27. Kf2 Ke7 28. g4 Kd6 29. g5 Ne7 30. Bd3 g6 31. a3 Kc6 32. h4 Nc8 33. h5 Nd6 34. h6 b5 35. Ke2 Nc8 36. Kd2 Nb6 37. b4 a4 38. Kc3 Nc8 39. Kd2 Nd6 40. Kc3 Ne8 41. Kd2 Nc7 42. Kc3 Na6 43. Kd2 Nb8 44. Kc3 Nd7 45. Kd2 f5 46. gxf6 Nxf6 47. Ke2 Ng8 48. Bxg6 Nxh6 49. Bxh7 Nf7 50. Bd3 Nd6 51. Kf3 Kd7 52. e4 Nc4 53. Bxc4 dxc4 54. f5 exf5 55. exf5 Kd6 56. Ke4 Ke7 57. d5 Kf7 58. d6 Kf6 59. Kd4 Kf7 60. Kc3 Kf6 61. Kd4 Kxf5 0-1


[Site "https://www.chess.com"]

[Event "Titled Tuesday Blitz June 27 Early 2023"]
[White "Aggelis, Nikolaos"]
[Black "Clawitter, Craig"]
[WhiteFideId "4213220"]
[BlackFideId "2023105"]
[WhiteElo "2489"]
[BlackElo "2210"]
[Result "1-0"]
[Round "2"]
[TimeControl "180+2"]
[Date "2023.06.27"]
[WhiteClock "0:00:08"]
[BlackClock "0:00:02"]
[Board "207"]

1. c4 e6 2. b3 d5 3. Bb2 Nf6 4. Nf3 Be7 5. g3 d4 6. Bxd4 c5 7. Bb2 O-O 8. Bg2 Nc6 9. O-O Re8 10. d4 cxd4 11. Nxd4 Nxd4 12. Qxd4 Qc7 13. Nc3 Bc5 14. Qh4 a6 15. Ne4 Nxe4 16. Qxe4 e5 17. Rad1 Rb8 18. Bxe5 Rxe5 19. Rd8+ Qxd8 20. Qxe5 Qd6 21. Qe8+ Qf8 22. Qe5 Bd7 23. Rd1 Bc6 24. Bxc6 bxc6 25. Qc7 Qc8 26. Rd7 Qxc7 27. Rxc7 Rb6 28. Rc8+ Bf8 29. c5 Rb5 30. Rxc6 a5 31. Ra6 Rxc5 32. Ra8 g6 33. e3 Kg7 34. Kg2 Rd5 35. Kf3 Bb4 36. g4 h6 37. h3 Rd2 38. a3 Bc3 39. Rc8 Bf6 40. Rc5 Rd3 41. Rxa5 Rxb3 42. a4 Ra3 43. Ra8 Bc3 44. Ke4 Ra2 45. f4 Rh2 46. Kd3 Be1 47. a5 Rxh3 48. Ke2 Bxa5 49. Rxa5 h5 50. gxh5 Rxh5 51. Rxh5 gxh5 52. e4 Kf6 53. Kf3 Ke6 54. Kg3 Kf6 55. Kh4 Kg6 56. f5+ Kh6 57. e5 Kg7 58. Kxh5 Kh7 59. Kg5 Kg7 60. Kf4 Kh6 61. Kg4 Kh7 62. Kh5 Kg7 63. Kg5 Kg8 64. Kf6 Kf8 65. e6 fxe6 66. fxe6 Ke8 67. e7 Kd7 68. Kf7 1-0


[Site "https://www.chess.com"]

[Event "Titled Tuesday Blitz June 27 Early 2023"]
[White "Larina, Maria"]
[Black "Ginzburg, Yakov"]
[WhiteFideId "24113182"]
[BlackFideId "4157176"]
[WhiteElo "2210"]
[BlackElo "2486"]
[Result "0-1"]
[Round "2"]
[TimeControl "180+2"]
[Date "2023.06.27"]
[WhiteClock "0:00:02"]
[BlackClock "0:00:07"]
[Board "208"]

1. e4 c5 2. Nc3 e6 3. Nf3 Nc6 4. d4 cxd4 5. Nxd4 Nf6 6. Nxc6 bxc6 7. Bd3 d5 8. O-O Bc5 9. e5 Nd7 10. Qg4 O-O 11. Bh6 g6 12. Bxf8 Qxf8 13. Na4 Nxe5 14. Qe2 Nxd3 15. Qxd3 Bd6 16. Rad1 Rb8 17. b3 c5 18. Nc3 Rb4 19. a3 Rh4 20. g3 Rh5 21. f4 Bb7 22. Ne4 Be7 23. Nf2 Qc8 24. Ng4 Qc6 25. Ne5 Rxe5 26. fxe5 d4 27. Kf2 Bg5 28. Ke1 Be3 29. Qe2 Qc7 30. c3 Qa5 31. Rd3 Ba6 32. Kd1 Qxa3 33. Qc2 Bb5 34. c4 Bc6 35. Rxe3 dxe3 36. Ke2 Qa6 37. Kxe3 Kg7 38. Qf2 Qb7 39. Qf6+ Kg8 40. Qd8+ Kg7 41. Qd3 a5 42. Kf2 Qc7 43. Kg1 Bb7 44. Qe2 Qc6 45. Kf2 Qg2+ 46. Ke1 Qc6 47. Qf2 Qd7 48. Qf6+ Kg8 49. Qf2 a4 50. Qxc5 axb3 51. Qb4 Qc6 52. Qxb3 Kg7 53. Kd2 Ba6 54. Rc1 Qc5 55. Qe3 Qb4+ 56. Ke2 Bxc4+ 57. Kf2 Bd5 58. Qe2 Qd4+ 59. Qe3 Qb2+ 60. Kg1 Qg2# 0-1


[Site "https://www.chess.com"]

[Event "Titled Tuesday Blitz June 27 Early 2023"]
[White "NLLO777"]
[Black "Quirke, Jeffrey"]
[BlackFideId "2013029"]
[WhiteElo "2486"]
[BlackElo "2210"]
[Result "0-1"]
[Round "2"]
[TimeControl "180+2"]
[Date "2023.06.27"]
[WhiteClock "0:00:20"]
[BlackClock "0:00:10"]
[Board "209"]

1. e4 Nf6 2. Nc3 d5 3. e5 Nfd7 4. d4 c5 5. Nce2 cxd4 6. f4 Nb6 7. Nf3 Nc6 8. Nexd4 Nxd4 9. Nxd4 e6 10. c3 Be7 11. Bd3 O-O 12. O-O f5 13. exf6 Bxf6 14. Be3 Bd7 15. Qe2 Qe7 16. Rae1 Rae8 17. Bf2 e5 18. fxe5 Qxe5 19. Bxh7+ Kh8 20. Qxe5 Rxe5 21. Bd3 Rfe8 22. Rxe5 Rxe5 23. h3 Nc4 24. Bxc4 dxc4 25. g4 a6 26. Bg3 Re3 27. Kf2 Rd3 28. Re1 Bxd4+ 29. cxd4 Rxd4 30. Re2 b5 31. Be5 Rd3 32. a3 Bc6 33. h4 Rf3+ 34. Ke1 Rh3 35. h5 Bf3 36. Rd2 Bxg4 37. Rg2 Bxh5 38. Rxg7 Re3+ 39. Kd2 Rxe5 40. Ra7 Re6 41. Kc3 Bg6 42. Kd4 Rf6 43. Ke5 Rb6 44. Kd4 Bd3 45. Kc5 Rf6 46. a4 bxa4 47. Kb4 Rb6+ 48. Ka3 Rb3+ 49. Ka2 a3 50. bxa3 Rb6 51. Rc7 a5 52. a4 Rb4 53. Ka3 Bc2 54. Rc5 Rxa4+ 55. Kb2 Bb3 56. Kc3 Ra2 57. Rc7 a4 58. Kd4 a3 59. Ke5 Re2+ 60. Kf6 Rf2+ 61. Kg6 Rg2+ 62. Kf6 a2 63. Ra7 Rg1 64. Ra8+ Kh7 65. Ra7+ Kh6 66. Ra8 Kh5 67. Kf5 Rf1+ 68. Ke4 a1=Q 69. Rh8+ Kg4 70. Rg8+ Kh3 71. Rh8+ Kg2 72. Rg8+ Kf2 73. Rf8+ Ke1 74. Kd5 Qd1+ 75. Kc5 Qe2 76. Kb4 Qd2+ 77. Ka3 c3 78. Re8+ Qe2 79. Kxb3 c2 80. Rc8 Qd3+ 81. Kb2 Qd1 82. Rxc2 Qxc2+ 83. Kxc2 Rf2+ 84. Kd3 Kd1 85. Ke3 Ra2 86. Kd3 Ra3+ 87. Kc4 Kd2 88. Kb4 Rg3 89. Kc4 Kc2 90. Kd4 Rh3 91. Ke4 Ra3 92. Kd4 Kd2 93. Kc4 Rh3 94. Kb4 Rg3 95. Kc4 Rh3 96. Kb4 Kc2 97. Ka4 Kb2 98. Kb4 Rh4+ 99. Kc5 Kc3 100. Kd5 Ra4 101. Ke5 Kd3 102. Kf5 Ke3 103. Kg5 Kf3 104. Kh5 Kg3 105. Kg5 Ra5+ 106. Kf6 Kf4 107. Ke6 Rh5 108. Kd6 Ke4 109. Kc6 Kd4 110. Kb6 Kc4 111. Kc6 Rh6+ 112. Kb7 Kc5 113. Ka7 Kb5 114. Kb7 Rh7+ 115. Kc8 Kc6 116. Kd8 Ra7 117. Ke8 Kd6 118. Kd8 Ra8# 0-1


[Site "https://www.chess.com"]

[Event "Titled Tuesday Blitz June 27 Early 2023"]
[White "KSho99"]
[Black "Baches Garcia, Guillermo"]
[BlackFideId "2209764"]
[WhiteElo "2202"]
[BlackElo "2486"]
[Result "0-1"]
[Round "2"]
[TimeControl "180+2"]
[Date "2023.06.27"]
[WhiteClock "0:00:00"]
[BlackClock "0:00:29"]
[Board "210"]

1. d4 Nf6 2. Nc3 d5 3. Bf4 c5 4. e3 cxd4 5. exd4 a6 6. Nf3 Nc6 7. Ne5 Bd7 8. Be2 e6 9. O-O Be7 10. Nxd7 Qxd7 11. Bf3 b5 12. Ne2 O-O 13. Nc1 Bd6 14. Bxd6 Qxd6 15. a3 b4 16. Qd2 a5 17. Nb3 Rfc8 18. Rfe1 Nd7 19. Re3 Rab8 20. Be2 a4 21. Nc1 bxa3 22. Raxa3 Rxb2 23. Rxa4 Ne7 24. Ra7 Rcxc2 25. Qd1 Nf5 26. Rea3 g6 27. R3a6 Qf4 28. Nd3 Qxd4 29. Nxb2 Qxb2 30. Bf1 Rxf2 31. Rxd7 Ne3 32. Ra8+ Kg7 33. Qa1 Rxf1+ 34. Qxf1 Nxf1 35. Kxf1 Qd4 36. Raa7 Qf4+ 37. Kg1 d4 0-1


[Site "https://www.chess.com"]

[Event "Titled Tuesday Blitz June 27 Early 2023"]
[White "Osmak, Yuliia"]
[Black "Ruge, Edison"]
[WhiteFideId "14101602"]
[BlackFideId "4401000"]
[WhiteElo "2486"]
[BlackElo "2202"]
[Result "1-0"]
[Round "2"]
[TimeControl "180+2"]
[Date "2023.06.27"]
[WhiteClock "0:00:45"]
[BlackClock "0:00:06"]
[Board "211"]

1. e4 e5 2. Nf3 Nc6 3. Nc3 Be7 4. d4 d6 5. Bb5 exd4 6. Nxd4 Bd7 7. Nxc6 bxc6 8. Bd3 Nf6 9. O-O O-O 10. b3 Ne8 11. Bb2 Bf6 12. Na4 Bxb2 13. Nxb2 f5 14. exf5 Bxf5 15. Nc4 Qh4 16. g3 Qh3 17. Bxf5 Qxf5 18. f4 Nf6 19. Qd4 Qh3 20. Rae1 Rae8 21. Qf2 Ng4 22. Qg2 Qh5 23. h3 Qc5+ 24. Kh1 Nf6 25. g4 Nd5 26. f5 Qd4 27. Qf3 h6 28. Kh2 a6 29. Re2 Rxe2+ 30. Qxe2 Nf4 31. Qf3 Nd5 32. Re1 Kh7 33. Re4 Qa1 34. a4 Qc1 35. Qf2 Nb4 36. Re2 Qd1 37. Ne3 Qd4 38. Ng2 Nd5 39. Qxd4 1-0


[Site "https://www.chess.com"]